Map: Ephemeron LE

Players

FLORENCIO - Winner!

  • Race: Protoss Protoss
  • League: Diamond
  • Spawn Location: 5:00

호낼두

  • Race: Terran Terran
  • Spawn Location: 11:00

VOD

Have the link to the VOD?

Description

Time

  • Played on: Nov. 28, 2019, 4:23 p.m.
  • Length: 6:21
Show
View Real Time Build Order
Export as new Build Order

FLORENCIO Protoss - Winner!

Build Orders:  

Get SALT Encoding   

  12  0:01  Probe  
  13  0:14  Probe (Chrono Boost)  
  14  0:17  Pylon  
  14  0:26  Probe (Chrono Boost)  
  15  0:34  Probe (Chrono Boost)  
  16  0:39  Gateway  
  16  0:45  Assimilator  
  16  0:54  Pylon  
  16  0:56  Probe (Chrono Boost)  
  17  1:08  Probe (Chrono Boost)  
  18  1:16  Probe (Chrono Boost)  
  19  1:29  Cybernetics Core  
  19  1:31  Gateway  
  19  1:39  Gateway  
  19  2:02  Nexus  
  19  2:05  Warp Gate (Chrono Boost)  
  19  2:17  Adept  
  19  2:21  Adept  
  22  2:34  Pylon  
  23  2:48  Adept (Chrono Boost)  
  24  2:52  Probe  
  24  2:54  Gateway  
  25  3:02  Adept (Chrono Boost)  
  27  3:12  Shield Battery  
  27  3:17  Probe  
  28  3:35  Pylon  
  28  3:50  Shield Battery  
  28  3:54  Shield Battery, Stalker  
  28  3:55  Stalker  
  26  4:05  Zealot  
  24  4:20  Stalker x2  
  26  4:26  Shield Battery  
  26  4:40  Stalker  
  28  4:47  Stalker  
  30  5:19  Stalker x3  
Show
View Real Time Build Order
Export as new Build Order

호낼두 Terran 

Build Orders: Gas First Reaper Expand 

Get SALT Encoding   

  12  0:01  SCV  
  13  0:13  SCV  
  14  0:19  Supply Depot  
  14  0:25  SCV  
  15  0:29  Refinery  
  15  0:41  SCV  
  16  0:45  Barracks  
  16  0:53  SCV  
  17  1:05  SCV  
  18  1:21  SCV  
  19  1:34  Reaper, Orbital Command  
  20  1:52  Command Center  
  20  1:59  Supply Depot  
  20  2:01  SCV  
  21  2:06  Marine  
  22  2:14  Factory  
  22  2:21  SCV  
  23  2:24  Barracks Reactor  
  23  2:30  Barracks Reactor  
  23  2:37  SCV  
  24  2:49  SCV  
  25  2:53  Refinery  
  25  3:01  SCV  
  25  3:04  Supply Depot  
  26  3:08  Orbital Command  
  26  3:13  SCV  
  26  3:16  Barracks Tech Lab, Hellion x2  
  26  3:19  Starport  
  31  3:25  SCV  
  32  3:31  Bunker  
  32  3:37  Widow Mine x2  
  32  3:38  SCV  
  32  3:40  Orbital Command  
  36  3:45  Marauder  
  25  4:07  SCV  
  23  4:12  Liberator  
  21  4:18  Marauder  
  15  4:46  SCV  
  15  4:49  SCV  
  17  4:58  SCV  
  17  5:02  Marauder  
  17  5:10  SCV  
  10  5:22  SCV  
  7  5:30  Widow Mine  
  8  5:34  SCV  
  8  5:46  SCV  
Tags
 
Add a new tag
Caveats
  • Supply blocks, unpowered buildings, or Contaminate may cause inaccurate times.
  • Supply counts are checked every 10 seconds.